Blues vs Penguins
Created - March 15, 2022 at 19:05
Goals
|
Blues |
1 |
1 |
1 |
3 |
Penguins |
0 |
1 |
3 |
4 |
|
Shots
|
Blues |
9 |
6 |
10 |
25 |
Penguins |
9 |
14 |
9 |
32 |
|
1st period
1. Blues , Linus Omark 8 (Alex Pietrangelo 40, Filip Forsberg 21) at 11:07
Penalties :
Cody Ceci (Stl) for Roughing (Minor) at 3:30, Keith Aulie (Pit) for Roughing (Minor) at 15:41
2nd period
2. Blues , Auston Matthews 3 (Jacob Slavin 10, Linus Omark 7) at 14:44
3. Penguins , Marcus Foligno 9 (Lars Eller 6, Brandon Tanev 5) at 19:53
Penalties :
Joe Colborne (Pit) for Goalie Interference (Minor) at 11:14, Filip Forsberg (Stl) for Hooking (Minor) at 16:33
3rd period
4. Penguins , Nick Leddy 3 (Jeff Skinner 17, Steven Stamkos 40) at 2:32
5. Penguins , Derek Stepan 18 (Joe Pavelski 10) at 3:39 (PP)
6. Penguins , Steven Stamkos 26 (Nikita Kucherov 27, Jeff Skinner 18) at 9:31
7. Blues , Nicklas Backstrom 22 (Filip Forsberg 22) at 16:04
Penalties :
Linus Omark (Stl) for Tripping (Minor) at 3:23, David Perron (Stl) for Tripping (Minor) at 13:13, Joe Colborne (Pit) for Hooking (Minor) at 16:07, Steven Stamkos (Pit) for Roughing (Minor) at 18:46
Goalie Stats
Carey Price (Stl), 28 saves from 32 shots - (0.875), L, 21-11-3, 58:49 minutes
Jacob Markstrom (Pit), 22 saves from 25 shots - (0.880), W, 24-12-2, 60:00 minutes
Players Stats for Blues
Player Name G A P +/- PIM S H SB GA TA FO MP PP MP PK MP
------------------------------------------------------------------------------------
Alex Pietrangelo 0 1 1 0 0 1 1 3 0 0 0/0 25:59 4:05 1:19
Anthony Mantha 0 0 0 1 0 1 2 0 0 1 0/0 10:33 0:00 0:00
Auston Matthews 1 0 1 1 0 2 2 0 1 1 2/3 10:33 0:00 0:00
Brandon Montour 0 0 0 0 0 0 1 0 1 0 0/0 14:53 3:05 0:00
Cody Ceci 0 0 0 0 2 0 1 1 0 0 0/0 16:18 0:00 2:18
David Perron 0 0 0 -1 2 3 2 0 1 0 1/2 16:52 3:12 0:32
Devin Shore 0 0 0 -1 0 1 1 0 0 0 5/13 16:17 3:12 0:00
Drew Shore 0 0 0 0 0 1 0 1 0 1 5/9 9:16 0:00 3:19
Filip Forsberg 0 2 2 0 2 3 2 0 0 1 0/1 21:26 3:58 0:39
Jacob Slavin 0 1 1 0 0 0 1 1 0 1 0/0 21:42 4:05 2:36
Ladislav Smid 0 0 0 0 0 0 1 0 0 1 0/0 14:27 0:00 2:36
Linus Omark 1 1 2 1 2 2 2 1 1 0 0/0 10:32 0:00 0:00
Nicklas Backstrom 1 0 1 0 0 2 1 0 0 2 23/40 20:31 3:58 0:00
Patrick Kaleta 0 0 0 0 0 1 0 0 0 1 0/0 8:05 0:00 1:43
Riley Sheahan 0 0 0 -1 0 4 1 1 0 0 0/1 18:25 3:12 1:43
Ryan Murray 0 0 0 0 0 0 2 1 1 1 0/0 26:52 3:05 3:37
Samuel Morin 0 0 0 0 0 0 0 0 0 1 0/0 7:28 0:00 1:27
Tyler Johnson 0 0 0 0 0 4 0 1 2 0 0/2 23:34 3:58 3:03
Players Stats for Penguins
Player Name G A P +/- PIM S H SB GA TA FO MP PP MP PK MP
------------------------------------------------------------------------------------
Andreas Martinsen 0 0 0 -1 0 1 1 0 0 0 0/0 10:51 0:19 1:00
Brandon Tanev 0 1 1 0 0 2 0 0 0 0 0/0 7:04 0:00 0:00
Cal Clutterbuck 0 0 0 -1 0 3 1 0 0 0 5/8 14:25 0:03 4:26
Damon Severson 0 0 0 0 0 0 1 0 0 1 0/0 13:52 2:33 0:51
Derek Stepan 1 0 1 0 0 2 5 0 2 0 9/15 16:18 2:39 1:24
Jason Zucker 0 0 0 0 0 0 0 0 1 0 2/2 15:48 3:31 0:00
Jeff Skinner 0 2 2 1 0 2 0 0 0 1 1/2 19:39 2:23 0:00
Joe Colborne 0 0 0 -1 4 0 1 0 0 0 4/10 10:16 0:02 0:37
Joe Pavelski 0 1 1 0 0 1 2 1 1 0 1/1 19:53 2:39 4:31
Keith Aulie 0 0 0 -1 2 0 0 1 0 2 0/0 19:04 2:33 1:59
Lars Eller 0 1 1 0 0 0 1 0 1 0 1/1 7:04 0:00 0:00
Marcus Foligno 1 0 1 0 0 2 0 0 0 0 0/2 9:30 0:00 2:22
Nick Leddy 1 0 1 1 0 2 0 0 0 1 0/0 25:45 3:40 0:00
Nikita Kucherov 0 1 1 1 0 4 1 3 3 0 0/0 20:49 3:31 0:00
Oliver Ekman-Larsson 0 0 0 1 0 5 0 0 2 1 0/0 30:07 3:40 4:18
Robert Hagg 0 0 0 0 0 1 1 0 0 1 0/0 13:17 0:00 2:52
Sean Zimmerman 0 0 0 -1 0 0 2 3 0 0 0/0 18:16 0:00 4:20
Steven Stamkos 1 1 2 1 2 7 1 0 1 0 12/30 20:48 3:32 0:00
3 Stars
1 - Derek Stepan (Pit)
2 - Steven Stamkos (Pit)
3 - Linus Omark (Stl)
Power Play
Blues - 0 on 4 Attempt(s) - 0.00%
Penguins - 1 on 4 Attempt(s) - 25.00%
Penalty Kill
Blues - 3 on 4 Attempt(s) - 75.00%
- Score 0 goal in Penalty Kill
Penguins - 4 on 4 Attempt(s) - 100.00%
- Score 0 goal in Penalty Kill
Team Stat
Blues - Hits : 20 - Faceoff Wins : 36 - Blocked Shots : 10 - Penalty Minutes : 8
Penguins - Hits : 17 - Faceoff Wins : 35 - Blocked Shots : 8 - Penalty Minutes : 8
Official
Referees : Brandon Schrader and Jacob Brenk
Linesman : Shandor Alphonso and Andrew Smith
Game Notes
No Game Note
Finance
Level 1 -- Attendance: 5953 (99.22%) -- Ticket Income $595,300
Level 2 -- Attendance: 4842 (96.84%) -- Ticket Income $290,520
Level 3 -- Attendance: 2000 (100.00%) -- Ticket Income $70,000
Level 4 -- Attendance: 4000 (100.00%) -- Ticket Income $100,000
Luxury Box -- Attendance: 923 (92.30%) -- Ticket Income $184,600
Game was played at the PPG Paint Arena.
Total Attendance: 17718 (98.43%)
Total Ticket Income: $1,240,420
Other Income: $186,063
Total Income: $1,426,483
Blues
5 vs 5 Forward
Center Left Wing Right Wing Time % Phy DF OF
1 Nicklas Backstrom Filip Forsberg Tyler Johnson 40 1 2 2
2 Devin Shore David Perron Riley Sheahan 30 1 2 2
3 Auston Matthews Linus Omark Anthony Mantha 20 1 2 2
4 Drew Shore Samuel Morin Patrick Kaleta 10 1 2 2
5 vs 5 Defense
Defense Defense Time % Phy DF OF
1 Alex Pietrangelo Ryan Murray 40 1 2 2
2 Jacob Slavin Cody Ceci 30 1 2 2
3 Brandon Montour Ladislav Smid 20 1 2 2
4 Ryan Murray Alex Pietrangelo 10 1 2 2
PowerPlay Forward
Center Left Wing Right Wing Time % Phy DF OF
1 Nicklas Backstrom Filip Forsberg Tyler Johnson 60 1 2 2
2 Devin Shore David Perron Riley Sheahan 40 1 2 2
PowerPlay Defense
Defense Defense Time % Phy DF OF
1 Alex Pietrangelo Jacob Slavin 60 1 2 2
2 Brandon Montour Ryan Murray 40 1 2 2
Penalty Kill 4 Players Forward
Center Wing Time % Phy DF OF
1 Drew Shore Tyler Johnson 60 1 2 2
2 Riley Sheahan Patrick Kaleta 40 1 2 2
Penalty Kill 4 Players Defense
Defense Defense Time % Phy DF OF
1 Cody Ceci Ryan Murray 60 1 2 2
2 Ladislav Smid Jacob Slavin 40 1 2 2
Penalty Kill - 3 Players Forward
Forward Time % Phy DF OF
1 Riley Sheahan 60 1 2 2
2 Drew Shore 40 1 2 2
Penalty Kill - 3 Players Defense
Defense Defense Time % Phy DF OF
1 Cody Ceci Ladislav Smid 60 1 2 2
2 Ryan Murray Jacob Slavin 40 1 2 2
4 vs 4 Forward
Center Wing Time % Phy DF OF
1 Nicklas Backstrom Filip Forsberg 60 1 2 2
2 Drew Shore Tyler Johnson 40 1 2 2
4 vs 4 Defense
Defense Defense Time % Phy DF OF
1 Alex Pietrangelo Cody Ceci 60 1 2 2
2 Brandon Montour Ryan Murray 40 1 2 2
Last Minutes Offensive
Center Left Wing Right Wing Defense Defense
Nicklas Backstrom Filip Forsberg Tyler Johnson Alex Pietrangelo Jacob Slavin
Last Minutes Defensive
Center Left Wing Right Wing Defense Defense
Drew Shore David Perron Tyler Johnson Cody Ceci Ladislav Smid
Goaltenders
Starting : Carey Price
Backup : Joonas Korpisalo
Extra Forwards
Normal : Anthony Mantha, Auston Matthews, Samuel Morin - PP : Anthony Mantha, Devin Shore - PK : Samuel Morin
Extra Defensemen
Normal : Jacob Slavin, Brandon Montour, Ladislav Smid - PP : Brandon Montour - PK : Alex Pietrangelo, Brandon Montour
Penalty Shots
David Perron, Auston Matthews, Devin Shore, Filip Forsberg, Tyler Johnson
Scratches
Eric Nystrom (Healthy), Martin Marincin (Healthy), Peter Regin (Healthy)
Penguins
5 vs 5 Forward
Center Left Wing Right Wing Time % Phy DF OF
1 Steven Stamkos Jeff Skinner Nikita Kucherov 40 1 2 2
2 Derek Stepan Jason Zucker Joe Pavelski 30 1 2 2
3 Joe Colborne Andreas Martinsen Cal Clutterbuck 20 1 2 2
4 Lars Eller Brandon Tanev Marcus Foligno 10 1 2 2
5 vs 5 Defense
Defense Defense Time % Phy DF OF
1 Oliver Ekman-Larsson Nick Leddy 40 1 2 2
2 Keith Aulie Sean Zimmerman 30 1 2 2
3 Damon Severson Robert Hagg 20 1 2 2
4 Oliver Ekman-Larsson Nick Leddy 10 1 2 2
PowerPlay Forward
Center Left Wing Right Wing Time % Phy DF OF
1 Steven Stamkos Jason Zucker Nikita Kucherov 60 1 2 2
2 Derek Stepan Jeff Skinner Joe Pavelski 40 1 2 2
PowerPlay Defense
Defense Defense Time % Phy DF OF
1 Oliver Ekman-Larsson Nick Leddy 60 1 2 2
2 Keith Aulie Damon Severson 40 1 2 2
Penalty Kill 4 Players Forward
Center Wing Time % Phy DF OF
1 Cal Clutterbuck Joe Pavelski 60 1 2 2
2 Joe Colborne Marcus Foligno 40 1 2 2
Penalty Kill 4 Players Defense
Defense Defense Time % Phy DF OF
1 Oliver Ekman-Larsson Sean Zimmerman 60 1 2 2
2 Keith Aulie Robert Hagg 40 1 2 2
Penalty Kill - 3 Players Forward
Forward Time % Phy DF OF
1 Cal Clutterbuck 60 1 2 2
2 Joe Colborne 40 1 2 2
Penalty Kill - 3 Players Defense
Defense Defense Time % Phy DF OF
1 Oliver Ekman-Larsson Sean Zimmerman 60 1 2 2
2 Keith Aulie Robert Hagg 40 1 2 2
4 vs 4 Forward
Center Wing Time % Phy DF OF
1 Steven Stamkos Nikita Kucherov 60 1 2 2
2 Derek Stepan Joe Pavelski 40 1 2 2
4 vs 4 Defense
Defense Defense Time % Phy DF OF
1 Oliver Ekman-Larsson Nick Leddy 60 1 2 2
2 Keith Aulie Sean Zimmerman 40 1 2 2
Last Minutes Offensive
Center Left Wing Right Wing Defense Defense
Steven Stamkos Jeff Skinner Nikita Kucherov Oliver Ekman-Larsson Nick Leddy
Last Minutes Defensive
Center Left Wing Right Wing Defense Defense
Joe Colborne Brandon Tanev Cal Clutterbuck Oliver Ekman-Larsson Sean Zimmerman
Goaltenders
Starting : Jacob Markstrom
Backup : Viktor Fasth
Extra Forwards
Normal : Steven Stamkos, Derek Stepan, Marcus Foligno - PP : Nikita Kucherov, Joe Pavelski - PK : Marcus Foligno
Extra Defensemen
Normal : Oliver Ekman-Larsson, Sean Zimmerman, Robert Hagg - PP : Nick Leddy - PK : Oliver Ekman-Larsson, Sean Zimmerman
Penalty Shots
Steven Stamkos, Nikita Kucherov, Derek Stepan, Joe Pavelski, Jason Zucker
Scratches
None
% Time on Ice - Blues
Lines # - Real PCT - Wanted PCT - Time Play
Normal Forward
1 - 36% - 40% - 16:37
2 - 29% - 30% - 13:30
3 - 23% - 20% - 10:33
4 - 13% - 10% - 5:57
Normal Defense
1 - 37% - 40% - 17:08
2 - 31% - 30% - 14:32
3 - 25% - 20% - 11:26
4 - 8% - 10% - 3:31
PP Forward
1 - 55% - 60% - 3:58
2 - 45% - 40% - 3:12
PP Defense
1 - 57% - 60% - 4:05
2 - 43% - 40% - 3:05
PK Forward
1 - 72% - 60% - 4:30
2 - 28% - 40% - 1:43
PK Defense
1 - 58% - 60% - 3:37
2 - 42% - 40% - 2:36
PK3 Forward
1 - 0% - 60%
2 - 0% - 40%
PK3 Defense
1 - 0% - 60%
2 - 0% - 40%
44 Forward
1 - 0% - 60%
2 - 0% - 40%
44 Defense
1 - 0% - 60%
2 - 0% - 40%
Last Minute Offensive - 0:00
Last Minute Defensive - 0:00
Total
Forward - 60:00
Defense - 60:00
|
% Time on Ice - Penguins
Lines # - Real PCT - Wanted PCT - Time Play
Normal Forward
1 - 38% - 40% - 17:46
2 - 26% - 30% - 12:15
3 - 20% - 20% - 9:32
4 - 15% - 10% - 7:04
Normal Defense
1 - 42% - 40% - 19:26
2 - 31% - 30% - 14:33
3 - 21% - 20% - 9:55
4 - 6% - 10% - 2:43
PP Forward
1 - 57% - 60% - 3:34
2 - 43% - 40% - 2:39
PP Defense
1 - 59% - 60% - 3:40
2 - 41% - 40% - 2:33
PK Forward
1 - 77% - 60% - 5:31
2 - 23% - 40% - 1:39
PK Defense
1 - 60% - 60% - 4:18
2 - 40% - 40% - 2:52
PK3 Forward
1 - 0% - 60%
2 - 0% - 40%
PK3 Defense
1 - 0% - 60%
2 - 0% - 40%
44 Forward
1 - 0% - 60%
2 - 0% - 40%
44 Defense
1 - 0% - 60%
2 - 0% - 40%
Last Minute Offensive - 0:00
Last Minute Defensive - 0:00
Total
Forward - 60:00
Defense - 60:00
|
Play-by-Play
1st period
0:01 of 1st period - Nicklas Backstrom wins face-off versus Steven Stamkos in neutral zone.
0:04 of 1st period - Nick Leddy is hit by Ryan Murray and loses puck.
0:50 of 1st period - Icing by Ryan Murray.
0:51 of 1st period - Joe Colborne wins face-off versus Auston Matthews in Blues zone.
1:24 of 1st period - Snap shot by Brandon Tanev.
1:24 of 1st period - Stopped by Carey Price with a rebound.
1:28 of 1st period - Wrist shot by Marcus Foligno.
1:28 of 1st period - Deflect By Brandon Tanev.
1:28 of 1st period - Shot Blocked by Drew Shore.
1:28 of 1st period - Puck is out of play.
1:29 of 1st period - Nicklas Backstrom wins face-off versus Steven Stamkos in Blues zone.
2:32 of 1st period - Snap shot by Brandon Tanev.
2:32 of 1st period - Stopped by Carey Price without a rebound.
2:33 of 1st period - Nicklas Backstrom wins face-off versus Steven Stamkos in Blues zone.
2:48 of 1st period - Slapshot by Keith Aulie.
2:48 of 1st period - Shot Misses the Net.
3:06 of 1st period - Ryan Murray is hit by Cal Clutterbuck and loses puck.
3:30 of 1st period - Minor Penalty to Cody Ceci for Roughing.
3:31 of 1st period - Drew Shore wins face-off versus Steven Stamkos in Blues zone.
3:36 of 1st period - Icing by Nick Leddy.
3:37 of 1st period - Drew Shore wins face-off versus Steven Stamkos in Penguins zone.
4:04 of 1st period - Ryan Murray is hit by Derek Stepan and loses puck.
4:33 of 1st period - Keith Aulie is hit by Ryan Murray and loses puck.
4:56 of 1st period - Snap shot by Steven Stamkos.
4:56 of 1st period - Stopped by Carey Price without a rebound.
4:57 of 1st period - Derek Stepan wins face-off versus Riley Sheahan in Blues zone.
5:22 of 1st period - Patrick Kaleta is hit by Derek Stepan and loses puck.
5:30 of 1st period - Penalty to Cody Ceci is over, Cody Ceci is back on ice.
5:39 of 1st period - Snap shot by Jeff Skinner.
5:39 of 1st period - Shot Misses the Net.
5:41 of 1st period - Snap shot by Keith Aulie.
5:41 of 1st period - Deflect By Jeff Skinner.
5:41 of 1st period - Stopped by Carey Price without a rebound.
5:42 of 1st period - Nicklas Backstrom wins face-off versus Joe Colborne in Blues zone.
6:14 of 1st period - Wrist shot by Linus Omark.
6:14 of 1st period - Shot Misses the Net.
7:48 of 1st period - Off-side.
7:49 of 1st period - Auston Matthews wins face-off versus Steven Stamkos in neutral zone.
8:02 of 1st period - Snap shot by Anthony Mantha.
8:02 of 1st period - Stopped by Jacob Markstrom without a rebound.
8:03 of 1st period - Nicklas Backstrom wins face-off versus Derek Stepan in Penguins zone.
8:04 of 1st period - Snap shot by Tyler Johnson.
8:04 of 1st period - Shot Misses the Net.
8:12 of 1st period - Snap shot by Tyler Johnson.
8:12 of 1st period - Deflect By Oliver Ekman-Larsson.
8:12 of 1st period - Shot Misses the Net.
8:12 of 1st period - Puck is out of play.
8:13 of 1st period - Nicklas Backstrom wins face-off versus Derek Stepan in Penguins zone.
8:29 of 1st period - Off-side.
8:30 of 1st period - Steven Stamkos wins face-off versus Devin Shore in neutral zone.
9:28 of 1st period - Backhand shot by Patrick Kaleta.
9:28 of 1st period - Stopped by Jacob Markstrom without a rebound.
9:29 of 1st period - Nicklas Backstrom wins face-off versus Steven Stamkos in Penguins zone.
9:34 of 1st period - Wrist shot by Filip Forsberg.
9:34 of 1st period - Stopped by Jacob Markstrom without a rebound.
9:35 of 1st period - Nicklas Backstrom wins face-off versus Steven Stamkos in Penguins zone.
9:50 of 1st period - Wrist shot by Tyler Johnson.
9:50 of 1st period - Shot Misses the Net.
9:52 of 1st period - Wrist shot by Tyler Johnson.
9:52 of 1st period - Stopped by Jacob Markstrom without a rebound.
9:53 of 1st period - Jason Zucker wins face-off versus Devin Shore in Penguins zone.
10:42 of 1st period - Keith Aulie is hit by Alex Pietrangelo and loses puck.
11:07 of 1st period - Snap shot by Linus Omark.
11:07 of 1st period - Goal by Linus Omark - Blues : 1 - Penguins : 0.
11:08 of 1st period - Steven Stamkos wins face-off versus Tyler Johnson in neutral zone.
11:21 of 1st period - Snap shot by Steven Stamkos.
11:21 of 1st period - Shot Blocked by Cody Ceci.
11:23 of 1st period - Slapshot by Oliver Ekman-Larsson.
11:23 of 1st period - Stopped by Carey Price with a rebound.
11:25 of 1st period - Wrist shot by Jeff Skinner.
11:25 of 1st period - Shot Blocked by Tyler Johnson.
12:02 of 1st period - Linus Omark is hit by Joe Colborne and loses puck.
12:17 of 1st period - Slapshot by Auston Matthews.
12:17 of 1st period - Stopped by Jacob Markstrom without a rebound.
12:18 of 1st period - Lars Eller wins face-off versus Drew Shore in Penguins zone.
12:30 of 1st period - Icing by Samuel Morin.
12:31 of 1st period - Steven Stamkos wins face-off versus Drew Shore in Blues zone.
12:52 of 1st period - Wrist shot by Patrick Kaleta.
12:52 of 1st period - Shot Blocked by Joe Pavelski.
13:24 of 1st period - Icing by Brandon Montour.
13:25 of 1st period - Joe Colborne wins face-off versus Nicklas Backstrom in Blues zone.
13:30 of 1st period - Snap shot by Cal Clutterbuck.
13:30 of 1st period - Stopped by Carey Price without a rebound.
13:31 of 1st period - Steven Stamkos wins face-off versus Nicklas Backstrom in Blues zone.
13:32 of 1st period - Snap shot by Nikita Kucherov.
13:32 of 1st period - Shot Misses the Net.
13:40 of 1st period - Slapshot by Filip Forsberg.
13:40 of 1st period - Shot Blocked by Nikita Kucherov.
13:58 of 1st period - Wrist shot by Linus Omark.
13:58 of 1st period - Stopped by Jacob Markstrom with a rebound.
14:26 of 1st period - Snap shot by Derek Stepan.
14:26 of 1st period - Stopped by Carey Price without a rebound.
14:27 of 1st period - Devin Shore wins face-off versus Derek Stepan in Blues zone.
14:34 of 1st period - Derek Stepan is hit by Riley Sheahan and loses puck.
14:53 of 1st period - Nick Leddy is hit by Filip Forsberg and loses puck.
15:41 of 1st period - Minor Penalty to Keith Aulie for Roughing.
15:42 of 1st period - Cal Clutterbuck wins face-off versus Nicklas Backstrom in Penguins zone.
16:54 of 1st period - Snap shot by Riley Sheahan.
16:54 of 1st period - Shot Misses the Net.
16:56 of 1st period - Backhand shot by Ryan Murray.
16:56 of 1st period - Shot Misses the Net.
16:58 of 1st period - Wrist shot by Riley Sheahan.
16:58 of 1st period - Stopped by Jacob Markstrom without a rebound.
16:59 of 1st period - Cal Clutterbuck wins face-off versus Filip Forsberg in Penguins zone.
17:08 of 1st period - Sean Zimmerman is hit by Filip Forsberg and loses puck.
17:41 of 1st period - Penalty to Keith Aulie is over, Keith Aulie is back on ice.
17:58 of 1st period - Slapshot by Cal Clutterbuck.
17:58 of 1st period - Shot Misses the Net.
18:00 of 1st period - Wrist shot by Cal Clutterbuck.
18:00 of 1st period - Stopped by Carey Price with a rebound.
18:02 of 1st period - Slapshot by Robert Hagg.
18:02 of 1st period - Stopped by Carey Price without a rebound.
18:03 of 1st period - Drew Shore wins face-off versus Steven Stamkos in Blues zone.
18:03 of 1st period - Drew Shore is hit by Steven Stamkos.
18:37 of 1st period - Snap shot by David Perron.
18:37 of 1st period - Deflect By Devin Shore.
18:37 of 1st period - Shot Misses the Net.
18:37 of 1st period - Puck is out of play.
18:38 of 1st period - Nicklas Backstrom wins face-off versus Steven Stamkos in Penguins zone.
18:41 of 1st period - Wrist shot by Tyler Johnson.
18:41 of 1st period - Stopped by Jacob Markstrom without a rebound.
18:42 of 1st period - Steven Stamkos wins face-off versus Nicklas Backstrom in Penguins zone.
18:59 of 1st period - Backhand shot by Tyler Johnson.
18:59 of 1st period - Shot Blocked by Nikita Kucherov.
19:30 of 1st period - Wrist shot by Linus Omark.
19:30 of 1st period - Shot Misses the Net.
19:32 of 1st period - Slapshot by Linus Omark.
19:32 of 1st period - Shot Blocked by Keith Aulie.
19:50 of 1st period - Jacob Slavin is hit by Nikita Kucherov and loses puck.
Goals for this period are 1 for Blues vs 0 for Penguins.
Shots for this period are 9 for Blues vs 9 for Penguins.
2nd period
0:01 of 2nd period - Nicklas Backstrom wins face-off versus Steven Stamkos in neutral zone.
0:14 of 2nd period - Slapshot by Oliver Ekman-Larsson.
0:14 of 2nd period - Stopped by Carey Price with a rebound.
0:16 of 2nd period - Slapshot by Nick Leddy.
0:16 of 2nd period - Shot Misses the Net.
0:26 of 2nd period - Devin Shore is hit by Joe Pavelski and loses puck.
0:53 of 2nd period - Cal Clutterbuck is hit by Anthony Mantha and loses puck.
1:19 of 2nd period - Wrist shot by Drew Shore.
1:19 of 2nd period - Stopped by Jacob Markstrom with a rebound.
2:25 of 2nd period - Snap shot by Joe Colborne.
2:25 of 2nd period - Shot Blocked by Alex Pietrangelo.
2:27 of 2nd period - Slapshot by Andreas Martinsen.
2:27 of 2nd period - Stopped by Carey Price with a rebound.
2:44 of 2nd period - Off-side.
2:45 of 2nd period - Derek Stepan wins face-off versus Nicklas Backstrom in neutral zone.
3:12 of 2nd period - Oliver Ekman-Larsson is hit by David Perron and loses puck.
3:39 of 2nd period - Snap shot by Joe Colborne.
3:39 of 2nd period - Shot Misses the Net.
3:41 of 2nd period - Slapshot by Oliver Ekman-Larsson.
3:41 of 2nd period - Stopped by Carey Price without a rebound.
3:42 of 2nd period - Derek Stepan wins face-off versus Nicklas Backstrom in Blues zone.
3:49 of 2nd period - Nicklas Backstrom is hit by Derek Stepan and loses puck.
5:18 of 2nd period - Off-side.
5:19 of 2nd period - Derek Stepan wins face-off versus Nicklas Backstrom in neutral zone.
5:36 of 2nd period - Wrist shot by Derek Stepan.
5:36 of 2nd period - Deflect By Joe Pavelski.
5:36 of 2nd period - Shot Misses the Net.
5:36 of 2nd period - Puck is out of play.
5:37 of 2nd period - Jeff Skinner wins face-off versus Devin Shore in Blues zone.
5:44 of 2nd period - Slapshot by David Perron.
5:44 of 2nd period - Shot Misses the Net.
5:46 of 2nd period - Wrist shot by Riley Sheahan.
5:46 of 2nd period - Deflect By David Perron.
5:46 of 2nd period - Stopped by Jacob Markstrom without a rebound.
5:47 of 2nd period - David Perron wins face-off versus Steven Stamkos in Penguins zone.
5:56 of 2nd period - Snap shot by David Perron.
5:56 of 2nd period - Shot Misses the Net.
6:06 of 2nd period - Slapshot by Alex Pietrangelo.
6:06 of 2nd period - Deflect By Riley Sheahan.
6:06 of 2nd period - Shot Misses the Net.
6:06 of 2nd period - Puck is out of play.
6:07 of 2nd period - Derek Stepan wins face-off versus Nicklas Backstrom in Penguins zone.
6:14 of 2nd period - Tyler Johnson is hit by Sean Zimmerman and loses puck.
6:58 of 2nd period - Joe Colborne is hit by Auston Matthews and loses puck.
7:06 of 2nd period - Icing by Nick Leddy.
7:07 of 2nd period - Nicklas Backstrom wins face-off versus Joe Colborne in Penguins zone.
7:30 of 2nd period - Snap shot by Oliver Ekman-Larsson.
7:30 of 2nd period - Stopped by Carey Price without a rebound.
7:31 of 2nd period - Devin Shore wins face-off versus Steven Stamkos in Blues zone.
8:05 of 2nd period - Wrist shot by Riley Sheahan.
8:05 of 2nd period - Stopped by Jacob Markstrom with a rebound.
8:41 of 2nd period - Snap shot by Marcus Foligno.
8:41 of 2nd period - Stopped by Carey Price with a rebound.
8:49 of 2nd period - Wrist shot by Riley Sheahan.
8:49 of 2nd period - Stopped by Jacob Markstrom without a rebound.
8:50 of 2nd period - Nicklas Backstrom wins face-off versus Steven Stamkos in Penguins zone.
9:07 of 2nd period - Snap shot by Filip Forsberg.
9:07 of 2nd period - Stopped by Jacob Markstrom with a rebound.
9:19 of 2nd period - Snap shot by Derek Stepan.
9:19 of 2nd period - Shot Misses the Net.
9:38 of 2nd period - Icing by Nick Leddy.
9:39 of 2nd period - Joe Colborne wins face-off versus Drew Shore in Penguins zone.
10:06 of 2nd period - Slapshot by Nikita Kucherov.
10:06 of 2nd period - Shot Misses the Net.
10:10 of 2nd period - Snap shot by Steven Stamkos.
10:10 of 2nd period - Shot Misses the Net.
10:12 of 2nd period - Wrist shot by Jeff Skinner.
10:12 of 2nd period - Shot Blocked by Jacob Slavin.
10:28 of 2nd period - Jacob Slavin is hit by Derek Stepan.
10:36 of 2nd period - Joe Pavelski is hit by Linus Omark and loses puck.
11:14 of 2nd period - Minor Penalty to Joe Colborne for Goalie Interference.
11:15 of 2nd period - Nicklas Backstrom wins face-off versus Cal Clutterbuck in Penguins zone.
11:49 of 2nd period - Off-side.
11:50 of 2nd period - Nicklas Backstrom wins face-off versus Marcus Foligno in neutral zone.
12:03 of 2nd period - Slapshot by Alex Pietrangelo.
12:03 of 2nd period - Shot Misses the Net.
13:14 of 2nd period - Penalty to Joe Colborne is over, Joe Colborne is back on ice.
13:28 of 2nd period - Nikita Kucherov is hit by Auston Matthews and loses puck.
14:23 of 2nd period - Devin Shore is hit by Sean Zimmerman and loses puck.
14:38 of 2nd period - Snap shot by Linus Omark.
14:38 of 2nd period - Shot Blocked by Sean Zimmerman.
14:40 of 2nd period - Slapshot by Jacob Slavin.
14:40 of 2nd period - Shot Blocked by Sean Zimmerman.
14:42 of 2nd period - Slapshot by Jacob Slavin.
14:42 of 2nd period - Shot Blocked by Nikita Kucherov.
14:44 of 2nd period - Wrist shot by Auston Matthews.
14:44 of 2nd period - Goal by Auston Matthews - Blues : 2 - Penguins : 0.
14:45 of 2nd period - Steven Stamkos wins face-off versus Nicklas Backstrom in neutral zone.
14:52 of 2nd period - Slapshot by Oliver Ekman-Larsson.
14:52 of 2nd period - Shot Misses the Net.
14:54 of 2nd period - Snap shot by Jeff Skinner.
14:54 of 2nd period - Shot Blocked by Ryan Murray.
14:56 of 2nd period - Slapshot by Nick Leddy.
14:56 of 2nd period - Deflect By Steven Stamkos.
14:56 of 2nd period - Shot Misses the Net.
14:56 of 2nd period - Puck is out of play.
14:57 of 2nd period - Steven Stamkos wins face-off versus Nicklas Backstrom in Blues zone.
15:02 of 2nd period - Wrist shot by Steven Stamkos.
15:02 of 2nd period - Stopped by Carey Price with a rebound.
15:04 of 2nd period - Snap shot by Jeff Skinner.
15:04 of 2nd period - Stopped by Carey Price with a rebound.
15:06 of 2nd period - Snap shot by Steven Stamkos.
15:06 of 2nd period - Stopped by Carey Price without a rebound.
15:07 of 2nd period - Nicklas Backstrom wins face-off versus Steven Stamkos in Blues zone.
15:16 of 2nd period - Slapshot by Alex Pietrangelo.
15:16 of 2nd period - Shot Hit the Post.
15:26 of 2nd period - Wrist shot by Nikita Kucherov.
15:26 of 2nd period - Stopped by Carey Price with a rebound.
15:28 of 2nd period - Slapshot by Steven Stamkos.
15:28 of 2nd period - Shot Blocked by Alex Pietrangelo.
15:30 of 2nd period - Wrist shot by Nikita Kucherov.
15:30 of 2nd period - Stopped by Carey Price with a rebound.
15:32 of 2nd period - Slapshot by Nikita Kucherov.
15:32 of 2nd period - Stopped by Carey Price without a rebound.
15:33 of 2nd period - Derek Stepan wins face-off versus Devin Shore in Blues zone.
15:34 of 2nd period - Snap shot by Jason Zucker.
15:34 of 2nd period - Deflect By Joe Pavelski.
15:34 of 2nd period - Stopped by Carey Price without a rebound.
15:35 of 2nd period - Joe Pavelski wins face-off versus Devin Shore in Blues zone.
15:36 of 2nd period - Snap shot by Derek Stepan.
15:36 of 2nd period - Shot Misses the Net.
15:38 of 2nd period - Wrist shot by Sean Zimmerman.
15:38 of 2nd period - Shot Blocked by Riley Sheahan.
16:30 of 2nd period - Off-side.
16:31 of 2nd period - Nicklas Backstrom wins face-off versus Derek Stepan in neutral zone.
16:33 of 2nd period - Minor Penalty to Filip Forsberg for Hooking.
16:34 of 2nd period - Drew Shore wins face-off versus Steven Stamkos in Blues zone.
18:33 of 2nd period - Penalty to Filip Forsberg is over, Filip Forsberg is back on ice.
18:45 of 2nd period - Wrist shot by Nikita Kucherov.
18:45 of 2nd period - Deflect By Steven Stamkos.
18:45 of 2nd period - Stopped by Carey Price without a rebound.
18:46 of 2nd period - Auston Matthews wins face-off versus Joe Colborne in Blues zone.
19:11 of 2nd period - Brandon Tanev is hit by Nicklas Backstrom and loses puck.
19:20 of 2nd period - Wrist shot by Nicklas Backstrom.
19:20 of 2nd period - Shot Misses the Net.
19:53 of 2nd period - Slapshot by Marcus Foligno.
19:53 of 2nd period - Goal by Marcus Foligno - Blues : 2 - Penguins : 1.
19:54 of 2nd period - Nicklas Backstrom wins face-off versus Joe Colborne in neutral zone.
Goals for this period are 1 for Blues vs 1 for Penguins.
Shots for this period are 6 for Blues vs 14 for Penguins.
3rd period
0:01 of 3rd period - Steven Stamkos wins face-off versus Nicklas Backstrom in neutral zone.
0:10 of 3rd period - Slapshot by Steven Stamkos.
0:10 of 3rd period - Deflect By Filip Forsberg.
0:10 of 3rd period - Stopped by Carey Price without a rebound.
0:11 of 3rd period - Nicklas Backstrom wins face-off versus Steven Stamkos in Blues zone.
0:13 of 3rd period - Icing by Filip Forsberg.
0:14 of 3rd period - Nicklas Backstrom wins face-off versus Jeff Skinner in Blues zone.
1:28 of 3rd period - Wrist shot by Nicklas Backstrom.
1:28 of 3rd period - Shot Misses the Net.
2:20 of 3rd period - Snap shot by Steven Stamkos.
2:20 of 3rd period - Shot Misses the Net.
2:24 of 3rd period - Slapshot by Steven Stamkos.
2:24 of 3rd period - Shot Hit the Post.
2:30 of 3rd period - Backhand shot by Jeff Skinner.
2:30 of 3rd period - Shot Blocked by Alex Pietrangelo.
2:32 of 3rd period - Slapshot by Nick Leddy.
2:32 of 3rd period - Goal by Nick Leddy - Blues : 2 - Penguins : 2.
2:33 of 3rd period - Derek Stepan wins face-off versus Devin Shore in neutral zone.
2:48 of 3rd period - David Perron is hit by Derek Stepan and loses puck.
2:55 of 3rd period - Jason Zucker is hit by Devin Shore and loses puck.
3:13 of 3rd period - Wrist shot by Cal Clutterbuck.
3:13 of 3rd period - Shot Misses the Net.
3:15 of 3rd period - Slapshot by Keith Aulie.
3:15 of 3rd period - Shot Blocked by Linus Omark.
3:17 of 3rd period - Snap shot by Joe Colborne.
3:17 of 3rd period - Shot Misses the Net.
3:23 of 3rd period - Minor Penalty to Linus Omark for Tripping.
3:24 of 3rd period - Derek Stepan wins face-off versus Drew Shore in Blues zone.
3:39 of 3rd period - Snap shot by Derek Stepan.
3:39 of 3rd period - Goal by Derek Stepan - Blues : 2 - Penguins : 3.
3:40 of 3rd period - Derek Stepan wins face-off versus Devin Shore in neutral zone.
3:45 of 3rd period - Wrist shot by Derek Stepan.
3:45 of 3rd period - Deflect By Joe Pavelski.
3:45 of 3rd period - Shot Misses the Net.
3:45 of 3rd period - Puck is out of play.
3:46 of 3rd period - Devin Shore wins face-off versus Derek Stepan in Blues zone.
5:42 of 3rd period - Backhand shot by Filip Forsberg.
5:42 of 3rd period - Stopped by Jacob Markstrom without a rebound.
5:43 of 3rd period - Steven Stamkos wins face-off versus Nicklas Backstrom in Penguins zone.
5:43 of 3rd period - Steven Stamkos is hit by Brandon Montour.
6:23 of 3rd period - Slapshot by Riley Sheahan.
6:23 of 3rd period - Shot Blocked by Sean Zimmerman.
6:41 of 3rd period - Keith Aulie is hit by Linus Omark.
6:55 of 3rd period - Wrist shot by Nikita Kucherov.
6:55 of 3rd period - Stopped by Carey Price with a rebound.
7:05 of 3rd period - Snap shot by Samuel Morin.
7:05 of 3rd period - Shot Misses the Net.
7:37 of 3rd period - Devin Shore is hit by Damon Severson and loses puck.
9:31 of 3rd period - Wrist shot by Steven Stamkos.
9:31 of 3rd period - Goal by Steven Stamkos - Blues : 2 - Penguins : 4.
9:32 of 3rd period - Steven Stamkos wins face-off versus Nicklas Backstrom in neutral zone.
10:07 of 3rd period - Snap shot by David Perron.
10:07 of 3rd period - Stopped by Jacob Markstrom without a rebound.
10:08 of 3rd period - Jason Zucker wins face-off versus Nicklas Backstrom in Penguins zone.
10:24 of 3rd period - Wrist shot by Derek Stepan.
10:24 of 3rd period - Shot Misses the Net.
10:34 of 3rd period - Steven Stamkos is hit by Cody Ceci and loses puck.
10:45 of 3rd period - Snap shot by Riley Sheahan.
10:45 of 3rd period - Stopped by Jacob Markstrom with a rebound.
10:59 of 3rd period - Cal Clutterbuck is hit by Anthony Mantha and loses puck.
11:33 of 3rd period - Slapshot by Andreas Martinsen.
11:33 of 3rd period - Deflect By Cal Clutterbuck.
11:33 of 3rd period - Stopped by Carey Price with a rebound.
11:49 of 3rd period - Jacob Slavin is hit by Robert Hagg and loses puck.
12:56 of 3rd period - Wrist shot by Joe Pavelski.
12:56 of 3rd period - Shot Misses the Net.
12:58 of 3rd period - Backhand shot by Nick Leddy.
12:58 of 3rd period - Stopped by Carey Price without a rebound.
12:59 of 3rd period - Steven Stamkos wins face-off versus Devin Shore in Blues zone.
13:13 of 3rd period - Minor Penalty to David Perron for Tripping.
13:14 of 3rd period - Drew Shore wins face-off versus Steven Stamkos in Blues zone.
13:51 of 3rd period - Wrist shot by Joe Pavelski.
13:51 of 3rd period - Shot Misses the Net.
14:01 of 3rd period - Oliver Ekman-Larsson is hit by Ladislav Smid and loses puck.
14:28 of 3rd period - Slapshot by Riley Sheahan.
14:28 of 3rd period - Shot Misses the Net.
15:13 of 3rd period - Penalty to David Perron is over, David Perron is back on ice.
15:30 of 3rd period - Brandon Montour is hit by Lars Eller and loses puck.
15:48 of 3rd period - Slapshot by Devin Shore.
15:48 of 3rd period - Stopped by Jacob Markstrom without a rebound.
15:49 of 3rd period - Nicklas Backstrom wins face-off versus Joe Colborne in Penguins zone.
15:56 of 3rd period - Wrist shot by Tyler Johnson.
15:56 of 3rd period - Shot Misses the Net.
15:58 of 3rd period - Snap shot by Nicklas Backstrom.
15:58 of 3rd period - Stopped by Jacob Markstrom without a rebound.
15:59 of 3rd period - Nicklas Backstrom wins face-off versus Joe Colborne in Penguins zone.
16:02 of 3rd period - Snap shot by Nicklas Backstrom.
16:02 of 3rd period - Shot Misses the Net.
16:04 of 3rd period - Snap shot by Nicklas Backstrom.
16:04 of 3rd period - Goal by Nicklas Backstrom - Blues : 3 - Penguins : 4.
16:05 of 3rd period - Joe Colborne wins face-off versus Tyler Johnson in neutral zone.
16:07 of 3rd period - Minor Penalty to Joe Colborne for Hooking.
16:08 of 3rd period - Nicklas Backstrom wins face-off versus Cal Clutterbuck in Penguins zone.
16:22 of 3rd period - Wrist shot by Tyler Johnson.
16:22 of 3rd period - Stopped by Jacob Markstrom without a rebound.
16:23 of 3rd period - Cal Clutterbuck wins face-off versus Nicklas Backstrom in Penguins zone.
16:30 of 3rd period - Slapshot by Oliver Ekman-Larsson.
16:30 of 3rd period - Stopped by Carey Price with a rebound.
16:36 of 3rd period - Slapshot by Alex Pietrangelo.
16:36 of 3rd period - Stopped by Jacob Markstrom without a rebound.
16:37 of 3rd period - Cal Clutterbuck wins face-off versus Nicklas Backstrom in Penguins zone.
16:48 of 3rd period - Snap shot by Tyler Johnson.
16:48 of 3rd period - Stopped by Jacob Markstrom with a rebound.
17:02 of 3rd period - Oliver Ekman-Larsson is hit by Jacob Slavin and loses puck.
17:23 of 3rd period - Ryan Murray is hit by Joe Pavelski and loses puck.
17:34 of 3rd period - Marcus Foligno is hit by David Perron and loses puck.
17:52 of 3rd period - Icing by Ryan Murray.
17:53 of 3rd period - Devin Shore wins face-off versus Derek Stepan in Blues zone.
18:07 of 3rd period - Penalty to Joe Colborne is over, Joe Colborne is back on ice.
18:14 of 3rd period - Snap shot by Joe Colborne.
18:14 of 3rd period - Deflect By Steven Stamkos.
18:14 of 3rd period - Stopped by Carey Price without a rebound.
18:15 of 3rd period - Steven Stamkos wins face-off versus Nicklas Backstrom in Blues zone.
18:46 of 3rd period - Minor Penalty to Steven Stamkos for Roughing.
18:47 of 3rd period - Devin Shore wins face-off versus Cal Clutterbuck in Penguins zone.
18:47 of 3rd period - Blues, Carey Price is pulled from the net.
18:51 of 3rd period - Snap shot by David Perron.
18:51 of 3rd period - Stopped by Jacob Markstrom without a rebound.
18:52 of 3rd period - Paul Kariya call a timeout for Blues.
18:52 of 3rd period - Cal Clutterbuck wins face-off versus David Perron in Penguins zone.
19:09 of 3rd period - Wrist shot by David Perron.
19:09 of 3rd period - Shot Misses the Net.
19:44 of 3rd period - Snap shot by Riley Sheahan.
19:44 of 3rd period - Shot Misses the Net.
19:57 of 3rd period - Icing by Nicklas Backstrom.
19:58 of 3rd period - Carey Price from Blues was sent back in the game.
19:58 of 3rd period - Nicklas Backstrom wins face-off versus Marcus Foligno in Blues zone.
19:58 of 3rd period - Nicklas Backstrom is hit by Andreas Martinsen.
Goals for this period are 1 for Blues vs 3 for Penguins.
Shots for this period are 10 for Blues vs 9 for Penguins.